 Dungeon Crawl Stone Soup version 0.27-a0-898-g810843a28d (webtiles) character file.

Game seed: 18031426157104872046

1598 Lanoc the Gouger (level 8, -2/38 HPs)
             Began as a Felid Fighter on Apr 6, 2021.
             Was an Elder of Elyvilon.
             Slain by an ice beast (11 damage)
             ... on level 7 of the Dungeon.
             The game lasted 00:12:22 (9436 turns).

Lanoc the Gouger (Felid Fighter)                    Turns: 9436, Time: 00:12:23

Health: -2/38      AC:  2    Str: 12    XL:     8   Next: 62%
Magic:  12/12      EV: 22    Int: 10    God:    Elyvilon [****..]
Gold:   248        SH:  0    Dex: 17    Spells: 7/7 levels left
                                        Lives:  0   Deaths: 2

rFire    . . .     SeeInvis +     - Unarmed
rCold    . . .     Faith    .   (shield unavailable)
rNeg     . . .     Spirit   .   (armour unavailable)
rPois    .         Reflect  .   (helmet unavailable)
rElec    .         Harm     .   (cloak unavailable)
rCorr    .         Rampage  .   (gloves unavailable)
Will     +....                  (boots unavailable)
Stlth    ++........             m - amulet of the acrobat
HPRegen  0.12/turn              (no ring)
MPRegen  0.13/turn              (no ring)

@: quick
A: very small, claws 1, fangs 3, see invisible, speed 1, shaggy fur 2, stealthy
paws, no weapons or thrown items, no armour, multi-lived
a: Renounce Religion, Lesser Healing, Heal Other, Purification, Greater Healing,
Divine Protection


You were on level 7 of the Dungeon.
You worshipped Elyvilon.
Elyvilon was greatly pleased with you.
You visited 1 branch of the dungeon, and saw 7 of its levels.

You collected 248 gold pieces.

Inventory:

Jewellery
 m - an amulet of the acrobat (around neck)
Wands
 o - a wand of acid (6)
Scrolls
 f - a scroll of immolation {unknown}
 j - a scroll of noise {unknown}
 k - a scroll of vulnerability {unknown}
 l - a scroll of silence {unknown}
 n - a scroll of teleportation {unknown}
 r - a scroll of torment {unknown}
 s - 2 scrolls of amnesia {unknown}
Potions
 a - a potion of might
 b - a potion of lignification
 c - a potion of brilliance {unknown}
 d - 4 potions of curing
 e - a potion of heal wounds
 g - a potion of ambrosia {unknown}
 h - a potion of cancellation {unknown}
 i - 2 potions of magic {unknown}
 p - a potion of mutation
 q - 3 potions of flight {unknown}
 t - a potion of attraction {unknown}


   Skills:
 + Level 6.2 Fighting
 + Level 8.4 Dodging
 * Level 8.9 Unarmed Combat
 + Level 5.1 Invocations


You had 7 spell levels left.
You didn't know any spells.
Your spell library contained the following spells:

 Spells                   Type           Power      Damage    Failure   Level
 Magic Dart               Conj           0%         1d3       36%         1
 Blink                    Tloc           N/A        N/A       50%         2
 Call Imp                 Summ           0%         N/A       50%         2
 Slow                     Hex            0%         N/A       50%         2
 Confusing Touch          Hex            0%         N/A       75%         3
 Conjure Flame            Conj/Fire      0%         6-21      75%         3
 Gell's Gravitas          Tloc           0%         N/A       75%         3
 Mephitic Cloud           Conj/Pois/Air  0%         N/A       75%         3
 Petrify                  Tmut/Erth      0%         N/A       98%         4
 Metabolic Englaciation   Hex/Ice        0%         N/A       100%        5
 Yara's Violent Unravell  Hex/Tmut       0%         3d3       100%        5


Dungeon Overview and Level Annotations

Branches:
Dungeon (7/15)
 Temple: D:4-7

Altars:
Cheibriados
Dithmenos
Elyvilon
Makhleb
Uskayaw
Yredelemnul
The Shining One

Shops:
D:6 (

Annotations:
D:4 Blork the orc


Innate Abilities, Weirdness & Mutations

You have sharp claws.
You have razor-sharp teeth.
You have supernaturally acute eyesight. (SInv)
You cover ground quickly. (Speed+)
You are covered in thick fur. (AC +2)
Your stealthy paws help you sneak and pounce on unaware monsters.
You are incapable of wielding weapons or throwing items.
You cannot wear armour.
You gain extra lives every three experience levels.


Message History

The ice beast is moderately wounded.
The ice beast hits you but does no damage.
You scratch the ice beast but do no damage.
Your claw misses the ice beast.
The ice beast is moderately wounded.
You closely miss the ice beast. You claw the ice beast.
The ice beast is moderately wounded.
The ice beast hits you. The ice beast freezes you.
You scratch the ice beast.
You bite the ice beast, but do no damage.
The ice beast is heavily wounded.
The ice beast hits you. The ice beast freezes you!
* * * LOW HITPOINT WARNING * * *
You are too injured to fight recklessly!
You are too injured to fight recklessly!
You are too injured to fight recklessly!
You barely miss the ice beast.
The ice beast is heavily wounded.
The ice beast misses you.
You scratch the ice beast but do no damage.
Your claw misses the ice beast.
You bite the ice beast, but do no damage.
The ice beast is heavily wounded.
The ice beast misses you.
You scratch the ice beast.
You bite the ice beast, but do no damage.
The ice beast is heavily wounded.
The ice beast completely misses you.
You scratch the ice beast but do no damage.
You bite the ice beast, but do no damage.
The ice beast is heavily wounded.
You scratch the ice beast but do no damage.
The ice beast is heavily wounded.
The ice beast closely misses you.
You scratch the ice beast.
The ice beast is heavily wounded.
The ice beast hits you.
* * * LOW HITPOINT WARNING * * *
The ice beast freezes you!
You die...

##### . #...# .. ##.#.#
... #..#.# ######## ....
#.##.# #......# ##.....
..##.######......##.......
##...............#..#
.............###...##
#.##.#####.####.@###
.....# ###..#..Y###..
.#.#####......#....>...
##.##............##....
##......###....#.......
...###.##...#######..
...#...##.### ..
..........# . ....#######


You could see an ice beast.

Vanquished Creatures
  A troll (D:7)
  A steam dragon (D:6)
  A sky beast (D:6)
  A black bear (D:6)
  A necrophage (D:6)
  An ice beast (D:6)
  2 ogres (D:6)
  A centaur (D:5)
  3 scorpions
  2 water moccasin skeletons
  4 wights (D:6)
  A bullfrog zombie (D:5)
  A centaur zombie (D:7)
  A hound (D:5)
  2 bullfrog skeletons (D:5)
  2 orc priests
  A jelly (D:7)
  An iguana (D:3)
  10 orc wizards
  A hound zombie (D:5)
  A hound skeleton (D:4)
  7 gnolls (D:6)
  5 adders
  A white imp (D:6)
  An ufetubus (D:5)
  A worm (D:2)
  2 dart slugs
  26 orcs
  10 ball pythons
  4 endoplasms
  2 giant cockroaches
  8 goblins
  5 hobgoblins (D:1)
  15 jackals
  4 quokkas
  3 bats
  4 frilled lizards (D:1)
  2 kobolds (D:1)
  2 rats
141 creatures vanquished.

Vanquished Creatures (others)
  A sky beast (D:5)
  An orc priest (D:5)
  2 plants (D:6)
4 creatures vanquished.

Grand Total: 145 creatures vanquished

Notes
Turn   | Place    | Note
-------+----------+-------------------------------------------
     0 | D:1      | Lanoc the Felid Fighter began the quest for the Orb.
     0 | D:1      | Reached XP level 1. HP: 10/10 MP: 2/2
    64 | D:1      | Reached XP level 2. HP: 10/14 MP: 3/3
   572 | D:1      | Found a faded altar of an unknown god.
   576 | D:1      | Became a worshipper of Elyvilon the Healer
   576 | D:1      | Reached * piety under Elyvilon
  1028 | D:1      | Reached XP level 3. HP: 17/17 MP: 4/4
  1391 | D:1      | Found a snail-covered altar of Cheibriados.
  1455 | D:1      | Reached ** piety under Elyvilon
  2995 | D:3      | Reached XP level 4. HP: 18/21 MP: 5/5
  3184 | D:3      | Reached skill level 1 in Invocations
  3224 | D:3      | Reached skill level 5 in Unarmed Combat
  3419 | D:3      | Reached *** piety under Elyvilon
  3438 | D:3      | Noticed a water moccasin
  3443 | D:3      | Pacified a water moccasin
  3444 | D:3      | Reached skill level 5 in Dodging
  3444 | D:3      | Reached XP level 5. HP: 25/25 MP: 1/7
  3777 | D:3      | Found a glowing golden altar of the Shining One.
  3777 | D:3      | Found a hide-covered altar of Uskayaw.
  3785 | D:3      | Found a faded altar of an unknown god.
  3787 | D:3      | Found a basalt altar of Yredelemnul.
  3789 | D:3      | Found a shadowy altar of Dithmenos.
  3844 | D:4      | Noticed an ogre
  3893 | D:4      | Noticed a sky beast
  4243 | D:3      | Gained mutation: You are covered in thick fur. (AC +2)
                  | [Felid growth]
  4243 | D:3      | Reached XP level 6. HP: 17/28 MP: 5/8
  4399 | D:4      | HP: 1/28 [ogre/+0 giant club (27)]
  4711 | D:4      | Noticed a sky beast
  5122 | D:4      | Noticed Blork the orc
  5154 | D:5      | Entered Level 5 of the Dungeon
  5512 | D:5      | Pacified a sky beast
  5523 | D:5      | Killed a sky beast
  5660 | D:5      | Reached XP level 7. HP: 17/33 MP: 8/10
  6102 | D:5      | Identified the +2 leather armour of Ywuo {Dex+7}
  6609 | D:5      | Found a burning altar of Makhleb.
  6746 | D:6      | Found Utzives's Antique Weapon Shop.
  6986 | D:5      | HP: 1/33 [gnoll sergeant/+0 spear (8)]
  6991 | D:5      | HP: 2/49 [gnoll sergeant/+0 spear (1)]
  6993 | D:5      | Slain by a gnoll sergeant
  6994 | D:5      | Reached XP level 6. HP: -4/45 MP: 9/9
  7068 | D:6      | Reached **** piety under Elyvilon
  7112 | D:6      | Reached skill level 5 in Fighting
  7112 | D:6      | Reached XP level 7. HP: 33/33 MP: 10/10
  7184 | D:6      | Elyvilon protects you from harm!
  7186 | D:6      | Slain by a wight
  7187 | D:6      | Reached XP level 6. HP: -4/28 MP: 9/9
  7207 | D:6      | HP: 1/27 [wight/+3 war axe (1)]
  7388 | D:6      | Reached XP level 7. HP: 19/33 MP: 11/11
  7950 | D:6      | Noticed a steam dragon
  7955 | D:6      | Found a snail-covered altar of Cheibriados.
  7964 | D:6      | Killed a steam dragon
  7965 | D:6      | Reached XP level 8. HP: 16/38 MP: 12/12
  8557 | D:7      | Noticed a troll
  8577 | D:7      | Killed a troll
  8795 | D:6      | Reached skill level 5 in Invocations
  9436 | D:7      | Slain by an ice beast

Illustrated notes

Levels and vault maps discovered:
D:1:      dpeg_arrival_morbid_curiosity, layout_basic, basic_ecumenical_altar,
          kennysheep_flooded_box
D:2:      layout_basic
D:3:      layout_rooms, chequers_temple_overflow_minitemple
D:4:      layout_cave_pools, elyvilon_altar_3, nemelex_dance_club_becter,
          uniq_blork_the_orc
D:5:      layout_loops_ring, nicolae_overflow_hidden_temple
D:6:      layout_loops_ring, lemuel_tele_altar, serial_shops,
          nicolae_shop_behind_doors, corexii_shack
D:7:      layout_rooms, minmay_temple_entry_stoned_glass

Skill      XL: |  1  2  3  4  5  6  7  8 |
---------------+-------------------------+-----
Invocations    | 1 2 4 3 5 |  5.1
Unarmed Combat | 5 7 8 |  8.9
Dodging        | 5 6 7 8 |  8.4
Fighting       | 4 5 6 |  6.2

Action                   |  1- 3 |  4- 6 |  7- 9 || total
-------------------------+-------+-------+-------++-------
Melee: Unarmed           |   127 |   184 |   216 ||   527
       Bite              |    12 |    24 |    27 ||    63
       Punch             |     1 |     2 |    12 ||    15
Invok: Heal Other        |     1 |     4 |     5 ||    10
       Lesser Healing    |     1 |     2 |       ||     3
Evoke: Wand              |       |       |     3 ||     3
  Use: Scroll            |       |       |     4 ||     4
       Potion            |       |       |     3 ||     3
 Stab: Sleeping          |     6 |     1 |       ||     7
       Distracted        |     1 |       |       ||     1
Armor: Skin              |     6 |     3 |    12 ||    21
Dodge: Dodged            |    95 |   155 |   198 ||   448

Table legend: (Time is in decaauts)
 A = Elapsed time spent in this place.
 B = Non-inter-level travel time spent in this place.
 C = Inter-level travel time spent in this place.
 D = Time resting spent in this place.
 E = Time spent auto-exploring this place.
 F = Levels seen in this place.
 G = Mean time per level.
                   A        B        C        D        E       F      G
               +--------+--------+--------+--------+--------+-----+--------+
         Total |   8617 |   8389 |    228 |   1852 |   5345 |   7 | 1231.0 |
       Dungeon |   8617 |   8389 |    228 |   1852 |   5345 |   7 | 1231.0 |
               +--------+--------+--------+--------+--------+-----+--------+

Top non-repeatable levels by time:
     D:6: 1883 daAuts
     D:1: 1692 daAuts
     D:5: 1636 daAuts
     D:3: 1566 daAuts
     D:2: 915 daAuts
     D:4: 488 daAuts
     D:7: 434 daAuts
